 Dungeon Crawl Stone Soup version 0.24-a0-613-g1ff6aac (webtiles) character file.

Game seed: 13825001169961703951, levelgen mode: deterministic

44 123adsadasdas the Ruffian (level 3, -1/30 (33) HPs)
             Began as a Ghoul Monk on Sept 10, 2019.
             Slain by an orc wizard
             ... wielding a +0 dagger
              (5 damage)
             ... on level 4 of the Dungeon.
             The game lasted 00:02:07 (1372 turns).

123adsadasdas the Ruffian (Ghoul Monk)              Turns: 1372, Time: 00:02:08

HP:   -1/30 (33)    AC:  2    Str: 14 (15) XL:     3   Next: 62%
MP:   2/2           EV: 13    Int:  7 (10) God:
Gold: 84            SH:  0    Dex: 11      Spells: 2/2 levels left

rFire    . . .     SeeInvis .     - Unarmed
rCold    + . .     Gourm    .   (no shield)
rNeg     + + +     Faith    .   a - +0 robe
rPois    ∞         Spirit   .   (no helmet)
rElec    .         Reflect  .   (no cloak)
rCorr    .         Harm     .   (no gloves)
MR       .....                  (no boots)
Stlth    ++........             (no amulet)
HPRegen  0.00/turn              c - +5 ring of intelligence
MPRegen  0.08/turn              (no ring)

@: rotting
A: rotting body, claws 1, carnivore, cold resistance 1, negative energy
resistance 3, inhibited regeneration, torment resistance, unbreathing
a: no special abilities


You were on level 4 of the Dungeon.
You were very hungry.

You visited 1 branch of the dungeon, and saw 3 of its levels.

You collected 84 gold pieces.

Inventory:

Armour
 a - a +0 robe (worn)
 h - a +0 scale mail
Jewellery
 c - a +5 ring of intelligence (left claw)
 i - an uncursed ring of ice {unknown}
Scrolls
 g - a scroll of magic mapping {unknown}
 j - a scroll of enchant armour {unknown}
 l - a scroll of teleportation {unknown}
Potions
 d - a potion of mutation
 e - a potion of might {unknown}
 f - 3 potions of curing {unknown}
 k - a potion of heal wounds {unknown}
Comestibles
 b - 2 rations


   Skills:
 + Level 3.7 Fighting
 + Level 3.0 Dodging
 + Level 2.4 Stealth
 + Level 4.1 Unarmed Combat


You had 2 spell levels left.
You didn't know any spells.
Your spell library was empty.

Dungeon Overview and Level Annotations

Branches:
Dungeon (2/15)

Altars:


Innate Abilities, Weirdness & Mutations

Your body is rotting away.
You thrive on raw meat.
You are immune to poison.
You have sharp fingernails.
You are carnivorous and can eat meat at any time.
Your flesh is cold resistant. (rC+)
You are immune to negative energy. (rN+++)
You do not regenerate when monsters are visible.
You are immune to unholy pain and torment.
You can survive without breathing.


Message History

You scratch the orc. Your claw misses the orc.
The orc is lightly wounded.
You closely miss the orc wizard.
The orc wizard hits you with a +0 dagger.
* * * LOW HITPOINT WARNING * * *
You scratch the orc wizard.
The orc wizard is lightly wounded.
The orc wizard hits you with a +0 dagger.
* * * LOW HITPOINT WARNING * * *
It was a potion of mutation.
You feel extremely strange.
Your body decomposes!
You feel weakened.
Your body decomposes!
You feel dopey.
Your body decomposes!
You feel dopey.
Your body decomposes!
You feel dopey.
The orc wizard hits you with a +0 dagger.
You die...

#...........# #...........#
#............ #.$...(......
##....†)......
#####....#<#......
?.........o.......
.........#o#......
####....#@######. ###..#.#
###.. #..#.. ....
###########..#.## ###...
#............### ..#...
#............#. #.#...
#............#.###########.#...
#............#.#...........#...
#............#.#.# #.......#...


You could see an orc wizard and an orc.

Vanquished Creatures
  An adder skeleton (D:4)
  A dart slug (D:1)
  2 leopard geckos
  2 orcs (D:4)
  4 giant cockroaches
  6 hobgoblins
  2 jackals (D:1)
  6 goblins
  4 kobolds
  3 rats (D:2)
31 creatures vanquished.

Notes
Turn   | Place    | Note
-------+----------+-------------------------------------------
     0 | D:1      | 123adsadasdas the Ghoul Monk began the quest for the Orb.
     0 | D:1      | Reached XP level 1. HP: 19/19 MP: 0/0
    77 | D:1      | Reached XP level 2. HP: 7/25 MP: 1/1
   769 | D:1      | Reached XP level 3. HP: 26/32 MP: 2/2
  1031 | D:2      | Reached skill level 4 in Unarmed Combat
  1179 | D:2      | You fall into a shaft and drop 2 floors!
  1372 | D:4      | Slain by an orc wizard

Levels and vault maps discovered:
D:1:      dpeg_arrival_arbitrary_b, layout_rooms, amethyst_killhole,
          minmay_tall_x
D:2:      layout_loops_cross
D:4:      layout_basic, kiku_gazebo_garden_becter

Skill      XL: |  1  2  3 |
---------------+----------+-----
Dodging        | 3 |  3.0
Unarmed Combat | 4 |  4.1
Fighting       | |  3.7
Stealth        | |  2.4

Action                   || total
-------------------------++-------
Melee: Unarmed           ||    99
  Use: Potion            ||     1
 Stab: Sleeping          ||     3
Armor: Robe              ||    11
Dodge: Dodged            ||    52

Table legend:
 A = Non-vault XP
 B = Vault XP
 C = Vault XP percentage of total XP
 D = Non-vault monster count
 E = Vault monster count
 F = Vault count percentage of total count
                 A         B        C        D         E       F
            +---------+---------+-------+---------+---------+-------
      Total |      57 |       7 |  10.9 |      27 |       4 |  12.9
            +---------+---------+-------+---------+---------+-------
        D:1 |      30 |       7 |  18.9 |      15 |       4 |  21.1
        D:2 |      16 |       0 |   0.0 |       9 |       0 |   0.0
        D:4 |      11 |       0 |   0.0 |       3 |       0 |   0.0
            +---------+---------+-------+---------+---------+-------
